 Dungeon Crawl Stone Soup version 0.31-a0-175-g9f7f995f2b (webtiles) character file.

Game seed: 12315834714039001350

178 qw the Shooter (level 5, -5/32 HPs)
             Began as a Gargoyle Hunter on June 17, 2023.
             Slain by an iguana (7 damage)
             ... on level 3 of the Dungeon.
             The game lasted 00:00:50 (1784 turns).

qw the Shooter (Gargoyle Hunter)                    Turns: 1784, Time: 00:00:50

Health: -5/32      AC: 11    Str: 14    XL:     5   Next: 58%
Magic:  5/5        EV: 10    Int: 10    God:
Gold:   121        SH:  0    Dex: 15    Spells: 4/4 levels left

rFire   . . .        Y - +0 shortbow
rCold   . . .        (shield currently unavailable)
rNeg    + . .        i - +0 ring mail
rPois   inf          (no helmet)
rElec   +            (no cloak)
rCorr   .            (no gloves)
SInv    .            g - +1 pair of boots
Will    .....        j - amulet of faith
Stlth   +            (no ring)
HPRegen 0.25/turn    (no ring)
MPRegen 0.09/turn

%: faith
@: no status effects
A: sickness immunity, AC +4, negative energy resistance 1, electricity
resistance, torment resistance 1, petrification resistance
a: no special abilities


You were on level 3 of the Dungeon.
You visited 1 branch of the dungeon, and saw 3 of its levels.

You collected 121 gold pieces.


Innate Abilities, Weirdness & Mutations

You are immune to sickness and miasma.
Your stone body is resilient. (AC +4)
You are immune to poison.
You resist negative energy. (rN+)
You are resistant to electric shocks. (rElec)
You are resistant to unholy torment.
You are immune to petrification.


   Skills:
 + Level 3.5 Fighting
 - Level 6.0 Ranged Weapons
 - Level 1.0 Armour
 - Level 1.5 Dodging
 - Level 1.1 Stealth


You had 4 spell levels left.
You didn't know any spells.
Your spell library was empty.

Inventory:

Hand Weapons
 Y - a +0 shortbow (weapon)
Armour
 g - a +1 pair of boots (worn)
 i - a +0 ring mail (worn)
Jewellery
 j - an amulet of faith (around neck)
Scrolls
 a - 2 scrolls of identify
Potions
 b - 2 potions of enlightenment
 e - a potion of invisibility {unknown}
 h - a potion of heal wounds {unknown}

Dungeon Overview and Level Annotations

Branches:
Dungeon (3/15)

Altars:

Shops:
D:1 *   D:2 (

Annotations:
D:2 1 runed translucent door, Crazy Yiuf


Message History

The cerulean imp disappears in a puff of smoke!
The ball python closely misses you. x2
You shoot an arrow.
The arrow hits the ball python but does no damage.
The ball python bites you but does no damage.
The ball python barely misses you. The ball python closely misses you.
The ball python grabs you. The ball python constricts you.
You shoot an arrow.
The arrow hits the ball python but does no damage.
The ball python closely misses you. The ball python bites you.
The ball python constricts you.
The ball python bites you but does no damage. x2
The ball python constricts you.
The ball python bites you but does no damage.
You shoot an arrow. The arrow hits the ball python.
You kill the ball python!
The ball python misses you. The ball python barely misses you.
The iguana barely misses you. The ball python barely misses you.
The ball python grabs you. The ball python constricts you.
You shoot an arrow.
The arrow barely misses the ball python.
The ball python bites you. The ball python constricts you.
The iguana bites you.
The ball python bites you but does no damage.
The ball python constricts you.
The iguana bites you but does no damage.
You shoot an arrow.
The arrow closely misses the ball python.
The ball python bites you but does no damage.
The ball python constricts you. The iguana bites you!
The ball python bites you but does no damage.
The ball python constricts you.
You shoot an arrow. The arrow hits the ball python!
You kill the ball python!
The iguana bites you but does no damage.
The iguana closely misses you.
You shoot an arrow. The arrow hits the iguana.
The iguana is heavily wounded.
You feel yourself speed up. The iguana closely misses you.
The iguana bites you!
You die...

#.....#####.#
#.....#.....#
#.....#.....#
#######.....#
#.....#
#.....#
###.### #.#
#@# ......l%#
..##.#### #


You could see an iguana.

Vanquished Creatures
  Jessica (D:2)
  Natasha (thrice) (D:3)
  3 adders
  A worm (D:2)
  2 dart slugs
  5 bats
  An endoplasm (D:2)
  3 giant cockroaches
  4 goblins
  2 hobgoblins
  6 kobolds
  2 quokkas (D:2)
  8 ball pythons
  6 frilled lizards
  3 rats
50 creatures vanquished.

Notes
Turn   | Place    | Note
-------+----------+-------------------------------------------
     0 | D:1      | qw the Gargoyle Hunter began the quest for the Orb.
     0 | D:1      | Reached XP level 1. HP: 12/12 MP: 1/1
     0 | D:1      | 0 ||| qw: Version: 0.3-a-2-g5ab2908
     0 | D:1      | 0 ||| qw: Game counter: 372
     0 | D:1      | 0 ||| qw: Always use a shield: true
     0 | D:1      | 0 ||| qw: God list: Okawaru
     0 | D:1      | 0 ||| qw: Allow faded altars: false
     0 | D:1      | 0 ||| qw: Do Orc after D:15 true
     0 | D:1      | 0 ||| qw: Do second Lair branch before Depths: true
     0 | D:1      | 0 ||| qw: Lair rune preference: random
     0 | D:1      | 0 ||| qw: Plans: Normal, Zot:1-4, Slime:5, God:TSO, Crypt,
                  | Tomb, Abyss, Pan, Hells, Win
     0 | D:1      | 0 ||| PLANNING D:1-11
    43 | D:1      | Reached XP level 2. HP: 17/17 MP: 2/2
   268 | D:1      | Found Ytyobb's General Store.
   281 | D:1      | 281 ||| SHOPLISTING 2 potions of heal wounds (100 gold,
                  | have 23).
   281 | D:1      | 281 ||| SHOPLISTING potion of curing (30 gold, have 23).
   319 | D:1      | 319 ||| FLEEEEING.
   338 | D:1      | 338 ||| Stepping ~*~*~tactically~*~*~ (outnumbered).
   340 | D:1      | 340 ||| Stepping ~*~*~tactically~*~*~ (outnumbered).
   349 | D:1      | 349 ||| FLEEEEING.
   450 | D:1      | Reached XP level 3. HP: 21/21 MP: 3/3
   634 | D:1      | 634 ||| UPGRADING to +1 pair of boots.
   639 | D:1      | 639 ||| UPGRADING to amulet of guardian spirit.
   644 | D:1      | 644 ||| READING scroll labelled REONON LOPTANI.
   645 | D:1      | 645 ||| READING scroll labelled VAITEM DIW OFO.
   646 | D:1      | 646 ||| DROPPING scroll of butterflies.
   680 | D:2      | Noticed Jessica
   682 | D:2      | Reached skill level 5 in Ranged Weapons
   688 | D:2      | Killed Jessica
   689 | D:2      | Reached skill level 3 in Fighting
   705 | D:2      | Reached XP level 4. HP: 11/28 MP: 1/4
  1106 | D:2      | Found a runed translucent door.
  1107 | D:2      | Noticed Crazy Yiuf
  1225 | D:2      | Found Memnumox's Antique Weapon Emporium.
  1240 | D:2      | 1240 ||| SHOPLISTING arbalest (103 gold, have 93).
  1348 | D:2      | 1348 ||| UPGRADING to +0 ring mail.
  1358 | D:2      | 1358 ||| DROPPING +0 leather armour.
  1359 | D:2      | 1359 ||| UPGRADING to amulet of faith.
  1369 | D:2      | 1369 ||| DROPPING amulet of guardian spirit.
  1370 | D:2      | 1370 ||| READING scroll labelled YKUHEJ YLAI.
  1371 | D:2      | 1371 ||| READING 2 scrolls labelled MENODU NICIUSA.
  1403 | D:2      | 1403 ||| DRINKING 3 white potions.
  1583 | D:3      | Reached skill level 1 in Armour
  1591 | D:3      | Noticed Natasha
  1596 | D:3      | Killed Natasha
  1597 | D:3      | Reached XP level 5. HP: 28/32 MP: 5/5
  1608 | D:3      | Noticed Natasha
  1621 | D:3      | HP: 6/32 [Natasha (7)]
  1622 | D:3      | 1622 ||| READING scroll of teleportation.
  1623 | D:3      | Killed Natasha
  1748 | D:3      | Reached skill level 6 in Ranged Weapons
  1765 | D:3      | Noticed Natasha
  1777 | D:3      | Killed Natasha
  1782 | D:3      | HP: 1/32 [iguana (8)]
  1784 | D:3      | Slain by an iguana

Levels and vault maps discovered:
D:1:      eino_arrival_water_star, layout_basic, serial_shops,
          nicolae_shop_window_shopping, chequers_garden, lexackson_kobold_supper
D:2:      layout_basic, serial_shops, shop, uniq_jessica,
          uniq_crazy_yiuf_cottage
D:3:      layout_loops_cross, uniq_natasha

Skill      XL: |  1  2  3  4  5 |
---------------+----------------+-----
Ranged Weapons | 5 6 |  6.0
Fighting       | 3 |  3.5
Armour         | 1 |  1.0
Dodging        | |  1.5
Stealth        | |  1.1

Action                     |  1- 3 |  4- 6 || total
---------------------------+-------+-------++-------
   Fire: Shortbow          |    94 |   100 ||   194
    Use: Scroll            |     2 |     3 ||     5
         Potion            |       |     1 ||     1
 Armour: Leather armour    |    13 |     7 ||    20
         Ring mail         |       |    33 ||    33
  Dodge: Dodged            |    24 |    36 ||    60

Table legend:
 A = Non-vault XP
 B = Vault XP
 C = Vault XP percentage of total XP
 D = Non-vault monster count
 E = Vault monster count
 F = Vault count percentage of total count
                 A         B        C        D         E       F
            +---------+---------+-------+---------+---------+-------
      Total |     173 |      82 |  32.2 |      40 |      10 |  20.0
            +---------+---------+-------+---------+---------+-------
        D:1 |      24 |      10 |  29.4 |      13 |       8 |  38.1
        D:2 |      43 |      37 |  46.2 |      15 |       1 |   6.2
        D:3 |     106 |      35 |  24.8 |      12 |       1 |   7.7
            +---------+---------+-------+---------+---------+-------
